 Dungeon Crawl Stone Soup version 0.31.0-32-g396128a36d (webtiles) character file.

Game seed: 10454197949979648475

983 crawlacc the Trooper (level 7, -4/62 HPs)
             Began as a Minotaur Fighter on Mar 28, 2024.
             Slain by a yak (9 damage)
             ... on level 5 of the Dungeon.
             The game lasted 00:05:31 (2875 turns).

crawlacc the Trooper (Minotaur Fighter)             Turns: 2875, Time: 00:05:31

Health: -4/62      AC: 12    Str: 22    XL:     7   Next: 96%
Magic:  0/6        EV:  7    Int:  5    God:
Gold:   248        SH:  5    Dex: 10    Spells: 6/6 levels left

rFire   . . .        a - +0 war axe
rCold   . . .        c - +0 buckler
rNeg    . . .        r - +0 plate armour
rPois   .            (helmet restricted)
rElec   .            (no cloak)
rCorr   .            (no gloves)
SInv    .            (no boots)
Will    .....        e - amulet of guardian spirit Stlth
                     (no ring)
HPRegen 0.30/turn    (no ring)
MPRegen 0.10/turn

%: guardian spirit
@: mighty, invisible
A: horns 2, retaliatory headbutt
a: no special abilities


You were on level 5 of the Dungeon.
You visited 1 branch of the dungeon, and saw 5 of its levels.

You collected 248 gold pieces.

Inventory:

Hand Weapons
 a - a +0 war axe (weapon)
Missiles
 g - 4 datura-tipped darts (quivered)
 k - 11 poisoned darts
 t - 5 curare-tipped darts
Armour
 c - a +0 buckler (worn)
 r - a +0 plate armour (worn)
Jewellery
 e - an amulet of guardian spirit (around neck)
Wands
 u - a wand of quicksilver (7)
Scrolls
 b - a scroll of enchant armour {unknown}
 f - 2 scrolls of enchant weapon {unknown}
 i - 2 scrolls of amnesia {unknown}
 o - a scroll of teleportation {unknown}
 p - 2 scrolls of identify {unknown}
Potions
 h - 3 potions of brilliance {unknown}
 j - a potion of degeneration {unknown}
 l - a potion of invisibility
 m - 2 potions of cancellation {unknown}
 n - a potion of heal wounds {unknown}
 q - 2 potions of attraction {unknown}
 s - 2 potions of curing {unknown}


   Skills:
 + Level 5.7 Fighting
 + Level 5.0 Axes
 + Level 3.3 Throwing
 - Level 5.0 Armour
 + Level 3.8 Dodging
 - Level 5.0 Shields
 + Level 2.9 Evocations


You had 6 spell levels left.
You didn't know any spells.
Your spell library contained the following spells:

 Spells                   Type           Power      Damage    Failure   Level
 Shock                    Conj/Air       0%         1d3       100%        1
 Mercury Vapours          Alch/Air       0%         N/A       100%        2
 Mephitic Cloud           Conj/Alch/Air  0%         N/A       100%        3
 Swiftness                Air            0%         N/A       100%        3
 Airstrike                Air            0%         2d(0-16)  100%        4
 Freezing Cloud           Conj/Ice/Air   0%         6-21      100%        5


Dungeon Overview and Level Annotations

Branches:
Dungeon (5/15)
 Temple: D:4-7

Altars:
Cheibriados

Shops:
D:5 =


Innate Abilities, Weirdness & Mutations

You have a pair of horns on your head.
You reflexively headbutt those who attack you in melee.


Message History

The orc warrior hits you but does no damage.
The yak gores you!
* * * LOW HITPOINT WARNING * * *
_You take 8 damage.
You hit the orc warrior.
The orc warrior is moderately wounded.
You hit the yak. You block the orc warrior's attack.
The yak closely misses you.
You hit the orc warrior but do no damage.
The orc warrior is moderately wounded.
You hit the yak.
The orc warrior hits you with a +0 glaive!
* * * LOW HITPOINT WARNING * * *
The yak gores you.
* * * LOW HITPOINT WARNING * * *
_You take 11 damage.
You hit the orc warrior.
The orc warrior is heavily wounded.
You barely miss the yak. The orc warrior closely misses you.
The yak barely misses you. You furiously retaliate!
You headbutt the yak. You block the yak's attack.
The orc warrior completely misses you.
You feel very mighty all of a sudden. You block the orc warrior's attack.
The yak closely misses you.
You barely miss the orc warrior.
The orc warrior is heavily wounded.
You barely miss the yak.
The orc warrior hits you with a +0 glaive!
* * * LOW HITPOINT WARNING * * *
You block the yak's attack. _You take 11 damage.
You hit the orc warrior.
The orc warrior is severely wounded.
You slash the yak! The orc warrior completely misses you.
You furiously retaliate!
You headbutt the orc warrior. The yak gores you.
* * * LOW HITPOINT WARNING * * *
_You take 4 damage.
It was a potion of invisibility.
You fade into invisibility!
You block the orc warrior's attack. The yak gores you!
You die...

▒· ▒▒·░░░░ ···▒· ···
▒·▒▒▒▒░░░░░░░░░░░░░░░░░░░
▒▒▒▒▒▒▒▒·▒··▒░]$«░·····░·····░··
▒···········▒░·ό·░·····░·····░··
▒···········▒░oY$░··░··░··░··░··
▒·▒·▒·▒······░@░░░··░··░··░··░··
▒··▓·▓·······░······░·····░·····
▒▒·▒·∩·▒······░······░·····░·····
▒···▓·▓·······░░░░░▒▒░░░░▒▒░░░░▒▒
▒▲·▒·▒·▒··▒▒·······S·············
············▒▒·····················
············▒▒··░░░░░░░░▒▒░░░░▒▒░░░
···▒·▒·▒····▒▒··░ ░hggg·░S··S·
▒▒·▒·▒·▒····▒▒··░ ░··g··░·····


You could see a yak (unable to see you) and an orc warrior (unable to see you).

Vanquished Creatures
  Grinder (D:4)
  Duvessa (D:4)
  2 ice beasts (D:5)
  A centaur (D:4)
  Dowan (D:4)
  3 bombardier beetles
  A jelly (D:5)
  An orc priest (D:4)
  3 iguanas
  7 adders
  A ribbon worm (D:3)
  A dart slug (D:3)
  9 orcs
  4 endoplasms
  A giant cockroach (D:2)
  2 goblins (D:2)
  5 hobgoblins
  2 jackals (D:4)
  7 kobolds
  6 quokkas
  8 ball pythons
  4 bats
  2 frilled lizards
  6 rats
79 creatures vanquished.

Notes
Turn   | Place    | Note
-------+----------+-------------------------------------------
     0 | D:1      | crawlacc the Minotaur Fighter began the quest for the Orb.
     0 | D:1      | Reached XP level 1. HP: 19/19 MP: 0/0
   155 | D:1      | Reached XP level 2. HP: 26/27 MP: 1/1
   678 | D:2      | Reached XP level 3. HP: 33/33 MP: 2/2
   721 | D:2      | Reached skill level 1 in Dodging
   756 | D:2      | Reached skill level 1 in Throwing
   957 | D:2      | Reached XP level 4. HP: 39/40 MP: 3/3
  1268 | D:3      | Reached skill level 1 in Evocations
  1468 | D:3      | Found a snail-covered altar of Cheibriados.
  1949 | D:3      | Reached XP level 5. HP: 47/47 MP: 4/4
  2040 | D:4      | Noticed Grinder
  2053 | D:4      | Killed Grinder
  2054 | D:4      | Reached XP level 6. HP: 43/53 MP: 5/5
  2201 | D:4      | Noticed Duvessa
  2201 | D:4      | Noticed Dowan
  2236 | D:4      | Killed Duvessa
  2237 | D:4      | Reached skill level 5 in Fighting
  2239 | D:4      | Killed Dowan
  2240 | D:4      | Reached XP level 7. HP: 51/61 MP: 4/6
  2599 | D:4      | Reached skill level 5 in Armour
  2599 | D:4      | Reached skill level 5 in Shields
  2681 | D:5      | Entered Level 5 of the Dungeon
  2681 | D:5      | Found Catwua Gelu's Jewellery Shop.
  2765 | D:5      | Reached skill level 5 in Axes
  2862 | D:5      | Noticed a yak
  2875 | D:5      | Slain by a yak

Illustrated notes

Levels and vault maps discovered:
D:1:      dpeg_arrival_radiant, layout_basic, st_stairs_5
D:2:      layout_basic
D:3:      layout_basic, lemuel_crystal_altar
D:4:      layout_loops_ring, uniq_duvessa, uniq_grinder
D:5:      kennysheep_windowed_halls, layout_basic, mainiacjoe_overflow_alcove_2,
          minmay_temple_entry_nine_rooms, serial_shops,
          nicolae_shop_back_alley_shop, shop, nicolae_shop_tiny_glass,
          nicolae_shop_gaudy_bauble, minmay_fountain_box, grunt_tough_drop

Skill      XL: |  1  2  3  4  5  6  7 |
---------------+----------------------+-----
Fighting       | 4 5 |  5.7
Dodging        | 1 2 3 |  3.8
Throwing       | 1 2 3 |  3.3
Axes           | 3 4 5 |  5.0
Armour         | 4 5 |  5.0
Shields        | 4 5 |  5.0
Evocations     | 1 2 |  2.9

Action                     |  1- 3 |  4- 6 |  7- 9 || total
---------------------------+-------+-------+-------++-------
  Melee: War axe           |    70 |    83 |    49 ||   202
         Headbutt          |     5 |    16 |     9 ||    30
  Throw: Dart              |       |       |     5 ||     5
  Evoke: Wand              |       |     1 |       ||     1
    Use: Potion            |       |       |     2 ||     2
 Armour: Scale mail        |    53 |    43 |       ||    96
         Plate armour      |       |    29 |    47 ||    76
  Dodge: Dodged            |    30 |    38 |    23 ||    91
  Block: Buckler           |    20 |    22 |    16 ||    58
